 Dungeon Crawl Stone Soup version 0.32-a0-818-gb728d0252e (webtiles) character file.

Game seed: 15157592812644682850

19 Lanoc the Shooter (level 2, 0/22 HPs)
             Began as a Coglin Hunter on Mar 24, 2024.
             Slain by Sigmund
             ... wielding a +5 scythe of freezing
              (1 damage)
             ... on level 2 of the Dungeon.
             The game lasted 00:01:00 (537 turns).

Lanoc the Shooter (Coglin Hunter)                    Turns: 537, Time: 00:01:00

Health: 0/22       AC:  6    Str: 11    XL:     2   Next: 75%
Magic:  2/2        EV: 18    Int:  8    God:
Gold:   23         SH:  0    Dex: 17    Spells: 1/1 levels left

rFire   + + .        a - melded +2 sling {Ankhesenamen}
rCold   + + .        d - melded +0 sling {Jasleen}
rNeg    + + +        c - melded +0 leather armour
rPois   ∞            (helmet currently unavailable)
rElec   +            (cloak currently unavailable)
rCorr   +            (gloves currently unavailable)
SInv    .            (boots currently unavailable)
Will    .....        (amulet currently unavailable)
Stlth   ++           (ring currently unavailable)
HPRegen 0.23/turn    (ring currently unavailable)
MPRegen 0.08/turn    (no gizmo)

%: no passive effects
@: wisp-form, flying
A: insubstantial, flying, no casting, tiny, (off-hand wielding), (slow
wielding), (warmup strikes), (no jewellery)
a: Invent Gizmo


You were on level 2 of the Dungeon.
You were an insubstantial wisp.
You visited 1 branch of the dungeon, and saw 2 of its levels.

You collected 23 gold pieces.

Inventory:

Hand Weapons
 a - a +2 sling (melded) {Ankhesenamen}
 d - a +0 sling (melded) {Jasleen}
Armour
 c - a +0 leather armour (melded)
Scrolls
 b - a scroll of butterflies
 e - a scroll of immolation {unknown}
 f - a scroll of blinking {unknown}
 g - a scroll of identify {unknown}


   Skills:
 + Level 2.3 Fighting
 * Level 4.0 Ranged Weapons
 + Level 2.1 Dodging
 - Level 0.7 Stealth


You had one spell level left.
You didn't know any spells.
Your spell library was empty.

Dungeon Overview and Level Annotations

Branches:
Dungeon (2/15)

Altars:

Annotations:
D:2 Sigmund


Innate Abilities, Weirdness & Mutations

You are an insubstantial wisp.
Your tiny insubstantial body is highly resistant to most damage types.
You are flying.
Your equipment is entirely melded.
You are incapable of wielding weapons or throwing items.
You cannot cast spells.
((You can wield a second weapon in your off-hand.))
((It takes a long time for you to wield or remove held weapons.))
((Your first few attacks do less damage.))
((You cannot equip rings or amulets.))


Message History

You barely miss something. Something misses you.
You touch something but do no damage.
Something barely misses you.
You touch something but do no damage.
You barely miss something. Something hits you.
You touch something but do no damage.
Something hits you.
You closely miss something.
You touch something.
Something barely misses you.
You miss something.
Your transformation is almost over.
You miss something. Something hits you.
You miss something. Something hits you.
* * * LOW HITPOINT WARNING * * *
You barely miss something. You closely miss something. Something hits you.
* * * LOW HITPOINT WARNING * * *
You barely miss something.
You hear some strange, mumbled words.
A puff of flame appears from out of thin air!
The puff of flame misses you.
You barely miss something. Something barely misses you.
You closely miss something.
You touch something but do no damage.
Something completely misses you.
You barely miss something. You barely miss something.
You condense into your normal self.
Your +2 sling {Ankhesenamen} unmelds from your body.
Your +0 sling {Jasleen} unmelds from your body.
Your +0 leather armour unmelds from your body.
You hear a zap.
You turn into an insubstantial wisp.
Your +2 sling {Ankhesenamen} melds into your body.
Your +0 sling {Jasleen} melds into your body.
Your +0 leather armour melds into your body.
You barely miss something. Something completely misses you.
You closely miss something. Something hits you.
* * * LOW HITPOINT WARNING * * *
You aren't carrying any potions.
You touch something.
You miss something. Something hits you.
You die...

#........#
......%.#
.......# ......#
.....# ....#
#########.#.#
#..{v.......#
#.#######.#.# ..
#.#.# ...
#####.#.# #...
###.......# ...#
#.......#.##...##
#................
#..##...........#
#.........#.###


There were no monsters in sight!

Vanquished Creatures
  A dart slug (D:1)
  A ball python (D:1)
  2 bats (D:1)
  A goblin (D:1)
  3 hobgoblins (D:1)
  2 kobolds (D:1)
  2 frilled lizards (D:1)
  6 rats (D:1)
18 creatures vanquished.

Notes
Turn   | Place    | Note
-------+----------+-------------------------------------------
     0 | D:1      | Lanoc the Coglin Hunter began the quest for the Orb.
     0 | D:1      | Reached XP level 1. HP: 16/16 MP: 1/1
   110 | D:1      | Reached XP level 2. HP: 22/22 MP: 2/2
   343 | D:1      | Reached skill level 4 in Ranged Weapons
   504 | D:2      | Noticed Sigmund
   535 | D:2      | HP: 1/22 [something (5)]
   537 | D:2      | Slain by Sigmund

Illustrated notes

Levels and vault maps discovered:
D:1:      lemuel_arrival_muddy, layout_rooms, st_stairs_8
D:2:      layout_basic, uniq_terence, uniq_sigmund, uniq_crazy_yiuf_cottage

Skill      XL: |  1  2 |
---------------+-------+-----
Dodging        | 2 |  2.1
Ranged Weapons | 4 |  4.0
Fighting       | |  2.3
Stealth        | |  0.7

Action                     || total
---------------------------++-------
  Melee: Unarmed           ||    27
   Fire: Sling             ||    74
 Armour: Leather armour    ||     3
         Skin              ||     9
  Dodge: Dodged            ||    12

Table legend: (Time is in decaauts)
 A = Elapsed time spent in this place.
 B = Non-inter-level travel time spent in this place.
 C = Inter-level travel time spent in this place.
 D = Time resting spent in this place.
 E = Time spent auto-exploring this place.
 F = Levels seen in this place.
 G = Mean time per level.
                   A        B        C        D        E       F      G
               +--------+--------+--------+--------+--------+-----+--------+
         Total |    545 |    531 |     14 |      0 |    430 |   2 |  272.5 |
       Dungeon |    545 |    531 |     14 |      0 |    430 |   2 |  272.5 |
               +--------+--------+--------+--------+--------+-----+--------+

Top non-repeatable levels by time:
     D:1: 495 daAuts
     D:2: 50 daAuts
